 Dungeon Crawl Stone Soup version 0.27-a0-1416-g941b2bd30b (webtiles) character file.

Game seed: 16069780856347916133

68 sokol815 the Chopper (level 4, 0/35 HPs)
             Began as a Demonspawn Gladiator on July 2, 2021.
             Succumbed to a goblin's poison
             ... on level 2 of the Dungeon.
             The game lasted 00:02:02 (1475 turns).

sokol815 the Chopper (Demonspawn Gladiator)         Turns: 1475, Time: 00:02:02

Health: 0/35       AC:  7    Str: 14    XL:     4   Next: 1%
Magic:  4/4        EV: 11    Int: 10    God:
Gold:   26         SH:  0    Dex: 15    Spells: 3/3 levels left

rFire    + . .     SeeInvis .   a - +0 war axe
rCold    . . .     Faith    .   (no shield)
rNeg     . . .     Spirit   .   e - +0 ring mail {rF+}
rPois    .         Reflect  .   c - +0 helmet
rElec    .         Harm     .   (no cloak)
rCorr    .         Rampage  .   (no gloves)
Will     .....                  (no boots)
Stlth    +.........             (no amulet)
HPRegen  0.11/turn              (no ring)
MPRegen  0.09/turn              (no ring)

@: brilliant, lethally poisoned (0 -> -1)
A: claws 1, rugged brown scales 1
a: no special abilities


You were on level 2 of the Dungeon.
You visited 1 branch of the dungeon, and saw 2 of its levels.

You collected 26 gold pieces.

Inventory:

Hand Weapons
 a - a +0 war axe (weapon)
 j - a +2 dagger of venom
   (You took it off a goblin on level 2 of the Dungeon)
Missiles
 d - 3 throwing nets {!d}
 f - 26 arrows
Armour
 b - a +0 leather armour
 c - a +0 helmet (worn)
 e - a +0 ring mail of fire resistance (worn)
   (You found it on level 1 of the Dungeon)
Jewellery
 P - a ring of poison resistance {rPois, !d}
   (You found it on level 1 of the Dungeon)
Wands
 q - a wand of flame (18)
   (You found it on level 2 of the Dungeon)
Scrolls
 g - 2 scrolls of identify {unknown}
 h - a scroll of vulnerability {unknown}


   Skills:
 * Level 2.7 Fighting
 - Level 3.8 Axes
 - Level 1.7 Throwing
 - Level 2.6 Dodging
 + Level 1.0 Unarmed Combat


You had 3 spell levels left.
You didn't know any spells.
Your spell library was empty.

Dungeon Overview and Level Annotations

Branches:
Dungeon (2/15)

Altars:


Innate Abilities, Weirdness & Mutations

You have sharp fingernails.
You are partially covered in rugged brown scales. (AC +1, +3% HP)


Message History

No target in view!
A frilled lizard comes into view.
The frilled lizard hisses angrily.
A rat comes into view.
Health restored: 27 You barely miss the frilled lizard.
The frilled lizard closely misses you.
You closely miss the frilled lizard.
The frilled lizard bites you but does no damage.
You barely miss the frilled lizard. The frilled lizard bites you.
The frilled lizard bites you but does no damage.
You take 2 damage, and have 25/27 hp.
You closely miss the frilled lizard.
The frilled lizard bites you but does no damage.
You slash the frilled lizard!
You kill the frilled lizard!
You hit the rat.
You kill the rat!
No target in view!
No target in view!
You see here a rat corpse.
Found an escape hatch in the floor.
Health restored: 28 No target in view!
q - a wand of flame (18)
g - 2 scrolls labelled GIOCSUSCHYU (gained 1)
A frilled lizard and an adder come into view.
The frilled lizard hisses angrily.
The adder hisses angrily.
An adder and a rat come into view.
A goblin comes into view. It is wielding a +2 dagger of venom.
The goblin shouts!
The adder bites you but does no damage.
You see here 23 bolts.
You closely miss the adder. The adder bites you but does no damage.
You closely miss the adder. You hit the frilled lizard.
You kill the frilled lizard!
The adder bites you. The adder barely misses you.
The adder bites you but does no damage.
You take 1 damage, and have 27/28 hp.
You miss the adder. You hit the adder. The adder misses you.
The adder bites you but does no damage. x2
You slash the adder!
You kill the adder!
You hit the adder. The adder closely misses you.
The goblin hits you with a +2 dagger of venom.
You are poisoned.
The rat bites you but does no damage. The adder closely misses you.
You take 2 damage, and have 25/28 hp.
You hit the adder. You barely miss the rat. You barely miss the goblin.
You feel very sick.
A rat comes into view.
The adder bites you but does no damage.
The goblin hits you with a +2 dagger of venom.
You are more poisoned.
The rat closely misses you.
You take 5 damage, and have 20/28 hp.
You slash the adder!
You kill the adder!
You hit the goblin.
You kill the goblin!
You barely miss the rat.
You feel very sick. The rat bites you.
Your Unarmed Combat skill increases to level 1!
You take 6 damage, and have 14/28 hp.
MASSIVE DAMAGE!!
You feel sick. The rat bites you but does no damage.
You see here a +2 dagger of venom.
You take 2 damage, and have 12/28 hp.
j - a +2 dagger of venom You feel very sick.
The rat bites you.
* * * LOW HITPOINT WARNING * * *
You take 5 damage, and have 7/28 hp.
It was a potion of brilliance.
You feel clever all of a sudden.
* * * LOW HITPOINT WARNING * * *
You feel sick. The rat bites you.
* * * LOW HITPOINT WARNING * * *
You take 2 damage, and have 5/28 hp.
You hit the rat.
You kill the rat!
You hit the rat.
You kill the rat!
* * * LOW HITPOINT WARNING * * *
You feel sick.
You have reached level 4!
You feel clever.
You take 1 damage, and have 4/35 hp.
MP restored: 4
* * * LOW HITPOINT WARNING * * *
You feel sick.
You see here an adder corpse.
You take 1 damage, and have 3/35 hp.
* * * LOW HITPOINT WARNING * * *
You feel sick.
You take 1 damage, and have 2/35 hp.
* * * LOW HITPOINT WARNING * * *
You feel sick.
You take 1 damage, and have 1/35 hp.
You die...

##### #.........#
#...#######.........###
#.....................#
#...#######...........#
#...# ###...........#
###†# ##..[......#####.
###.####................
#....†........(.(.#####.
#..#.###...#..@..†...#
##.#.###.###...........#
# #.##..# #........####
#...†## #...>...##
#.....###.......#
#.##.##...<.......#
#.........#........
##........#.........
#......<.#


There were no monsters in sight!

Vanquished Creatures
  3 adders (D:2)
  3 ball pythons (D:1)
  3 endoplasms (D:1)
  A giant cockroach (D:2)
  6 hobgoblins
  3 jackals (D:1)
  A kobold (D:1)
  3 quokkas (D:1)
  3 bats (D:1)
  4 frilled lizards
  3 goblins
  7 rats
40 creatures vanquished.

Notes
Turn   | Place    | Note
-------+----------+-------------------------------------------
     0 | D:1      | sokol815 the Demonspawn Gladiator began the quest for the
                  | Orb.
     0 | D:1      | Reached XP level 1. HP: 16/16 MP: 1/1
   289 | D:1      | Reached skill level 3 in Axes
   297 | D:1      | Gained mutation: You are partially covered in rugged brown
                  | scales. (AC +1, +3% HP) [demonic ancestry]
   297 | D:1      | Reached XP level 2. HP: 9/22 MP: 2/2
   786 | D:1      | Found a faded altar of an unknown god.
   987 | D:1      | Gained mutation: You have sharp fingernails. [demonic
                  | ancestry]
   987 | D:1      | Reached XP level 3. HP: 24/27 MP: 3/3
  1468 | D:2      | Reached skill level 1 in Unarmed Combat
  1469 | D:2      | HP: 7/28 [rat (2)]
  1471 | D:2      | HP: 3/28 [poisoned by a goblin]
  1472 | D:2      | Reached XP level 4. HP: 4/35 MP: 4/4
  1474 | D:2      | HP: 1/35 [poisoned by a goblin]
  1475 | D:2      | Succumbed to a goblin's poison

Illustrated notes

Levels and vault maps discovered:
D:1:      dpeg_arrival_three_smaller_balls, layout_basic,
          hellmonk_ecumenical_altar_arch_garden
D:2:      layout_rooms, basic_altar, grunt_decor_fettered

Skill      XL: |  1  2  3 |
---------------+----------+-----
Axes           | 3 |  3.8
Unarmed Combat | 1 |  1.0
Fighting       | |  2.7
Throwing       | |  1.7
Dodging        | |  2.6

Action                   |  1- 3 |  4- 6 || total
-------------------------+-------+-------++-------
Melee: War axe           |   101 |       ||   101
  Use: Potion            |     1 |       ||     1
Armor: Leather armour    |     7 |       ||     7
       Ring mail         |    52 |       ||    52
Dodge: Dodged            |    83 |       ||    83

Table legend: (Time is in decaauts)
 A = Elapsed time spent in this place.
 B = Non-inter-level travel time spent in this place.
 C = Inter-level travel time spent in this place.
 D = Time resting spent in this place.
 E = Time spent auto-exploring this place.
 F = Levels seen in this place.
 G = Mean time per level.
                   A        B        C        D        E       F      G
               +--------+--------+--------+--------+--------+-----+--------+
         Total |   1508 |   1476 |     32 |    176 |   1054 |   2 |  754.0 |
       Dungeon |   1508 |   1476 |     32 |    176 |   1054 |   2 |  754.0 |
               +--------+--------+--------+--------+--------+-----+--------+

Top non-repeatable levels by time:
     D:1: 1374 daAuts
     D:2: 134 daAuts

Table legend:
 A = Kills in this place as a percentage of kills in entire the game.
 B = Kills by you in this place as a percentage of kills by you in the entire game.
 C = Kills by friends in this place as a percentage of kills by friends in the entire game.
 D = Other kills in this place as a percentage of other kills in the entire game.
 E = Experience gained in this place as a percentage of experience gained in the entire game.
 F = Experience gained in this place divided by the number of levels of this place that you have seen.
                   A       B       C       D       E      F
               +-------+-------+-------+-------+-------+----------------------
         Total | 100.0 | 100.0 |   N/A |   N/A | 100.0 |  49.0
       Dungeon | 100.0 | 100.0 |   N/A |   N/A | 100.0 |  49.0
               +-------+-------+-------+-------+-------+----------------------
